 Dungeon Crawl Stone Soup version 0.29.0-15-g675c0067aa (webtiles) character file.

Game seed: 10638899016519078679

154 qw the Chopper (level 5, -1/32 HPs)
             Began as a Gargoyle Fighter on Sept 12, 2022.
             Slain by a gnoll
             ... wielding a +0 halberd
              (6 damage)
             ... on level 3 of the Dungeon.
             The game lasted 00:01:04 (2490 turns).

qw the Chopper (Gargoyle Fighter)                   Turns: 2490, Time: 00:01:05

Health: -1/32      AC: 14    Str: 21    XL:     5   Next: 36%
Magic:  5/5        EV: 13    Int:  9    God:
Gold:   178        SH:  4    Dex:  9    Spells: 4/4 levels left

rFire   + . .      SeeInvis .   a - +7 hand axe "Satubafy" {flame, rF++ Stlth+}
rCold   + . .      Faith    .   c - +0 buckler
rNeg    + . .      Spirit   .   b - +0 scale mail
rPois   inf        Reflect  .   (no helmet)
rElec   +          Harm     .   (no cloak)
rCorr   .          Rampage  .   (no gloves)
Will    .....                   f - +2 pair of boots
Stlth   +.........              (no amulet)
HPRegen 0.10/turn               h - +4 ring of evasion
MPRegen 0.09/turn               l - ring of ice

@: no status effects
A: sickness immunity, AC +4, negative energy resistance 1, electricity
resistance, torment resistance 1, petrification resistance
a: no special abilities


You were on level 3 of the Dungeon.
You visited 1 branch of the dungeon, and saw 3 of its levels.

You collected 178 gold pieces.


Innate Abilities, Weirdness & Mutations

You are immune to sickness and miasma.
Your stone body is resilient. (AC +4)
You are immune to poison.
You resist negative energy. (rN+)
You are resistant to electric shocks. (rElec)
You are resistant to unholy torment.
You are immune to petrification.


   Skills:
 - Level 3.2 Fighting
 + Level 4.9 Axes
 - Level 3.2 Armour
 - Level 3.2 Shields


You had 4 spell levels left.
You didn't know any spells.
Your spell library was empty.

Inventory:

Hand Weapons
 a - the +7 hand axe "Satubafy" (weapon) {flame, rF++ Stlth+}
   (You found it on level 2 of the Dungeon)

   It burns those it strikes, dealing additional fire damage.
   Big, fiery blades are also staple armaments of hydra-hunters.
   rF:        It greatly protects you from fire.
   Stlth:     It makes you more stealthy.
 g - a +0 war axe
Armour
 b - a +0 scale mail (worn)
 c - a +0 buckler (worn)
 f - a +2 pair of boots (worn)
Jewellery
 h - a +4 ring of evasion (left hand)
 l - a ring of ice (right hand)
Scrolls
 j - a scroll of identify
Potions
 d - a potion of might
 e - 2 potions of attraction {unknown}
 i - a potion of degeneration {unknown}

Dungeon Overview and Level Annotations

Branches:
Dungeon (3/15)

Altars:
Elyvilon
Hepliaklqana
Makhleb
The Shining One


Message History

The gnoll hits you but does no damage. The gnoll misses you.
The gnoll hits you but does no damage. You block the gnoll's attack.
The gnoll sergeant hits you but does no damage.
The orc hits you but does no damage. The orc wizard casts a spell at you.
You resist with some effort.
You hit the orc wizard. You burn the orc wizard.
The orc wizard is almost dead.
You hit the orc but do no damage. You hit the gnoll but do no damage.
The gnoll hits you from afar with a +0 spear of flaming.
The gnoll hits you from afar with a +0 halberd.
The gnoll barely misses you.
The gnoll sergeant hits you from afar with a +0 trident.
You block the orc's attack.
The orc wizard hits you but does no damage.
The gnoll closely misses you.
The orc wizard casts a spell.
The orc wizard flickers and vanishes!
Deactivating autopickup; reactivate with Ctrl-A.
The gnoll misses you. The gnoll hits you but does no damage.
The gnoll barely misses you. You block the gnoll sergeant's attack.
The gnoll hits you but does no damage. The orc hits you but does no damage.
You slash the gnoll! You burn the gnoll.
You kill the gnoll!
You miss something. You completely miss the orc. The gnoll barely misses you.
The gnoll hits you but does no damage. The gnoll barely misses you.
You block the gnoll sergeant's attack. You block the orc's attack.
You hear some strange, mumbled words.
Something tries to affect you, but you resist.
You slash the orc! You burn the orc.
You kill the orc!
You slash the orc! You burn the orc.
You kill the orc!
You hit something. You burn something.
Reactivating autopickup.
You feel a bit more experienced. The gnoll misses you.
The gnoll hits you but does no damage.
The gnoll hits you from afar with a +0 halberd.
You die...

~~~~~~~~~~~~~~....~~~~~
~~~~~~~~~~~~~~....~~~~~
#~~~~~~~~~~~~....~~~~~
#.....................
#############''''#####
#######....#
+.....'....+
#######....# ##@)##
......g))gg....
.....g.ogg.....
........o......
...............
#######++######


You could see a gnoll sergeant, 5 gnolls and 2 orcs.

Vanquished Creatures
  An orc wizard (D:3)
  2 adders (D:3)
  4 gnolls (D:3)
  3 worms
  3 dart slugs (D:2)
  5 orcs (D:3)
  3 bats
  3 endoplasms
  2 giant cockroaches
  12 hobgoblins
  4 jackals (D:3)
  3 quokkas
  5 ball pythons
  4 frilled lizards
  12 goblins
  8 kobolds
  5 rats
79 creatures vanquished.

Notes
Turn   | Place    | Note
-------+----------+-------------------------------------------
     0 | D:1      | qw the Gargoyle Fighter began the quest for the Orb.
     0 | D:1      | Reached XP level 1. HP: 14/14 MP: 1/1
     0 | D:1      | 0 ||| qw: Version: 0.1-a-119-g272c26d
     0 | D:1      | 0 ||| qw: Game counter: 10744
     0 | D:1      | 0 ||| qw: Always use a shield: true
     0 | D:1      | 0 ||| qw: God list: Okawaru
     0 | D:1      | 0 ||| qw: Allow faded altars: false
     0 | D:1      | 0 ||| qw: Do Orc after D:15 true
     0 | D:1      | 0 ||| qw: Do second Lair branch before Depths: true
     0 | D:1      | 0 ||| qw: Lair rune preference: random
     0 | D:1      | 0 ||| qw: Plans: Normal, Zot, God:TSO, Crypt, Tomb, Pan,
                  | Slime, Hells, Zig, Abyss, Orb
     0 | D:1      | 0 ||| PLANNING D:1-11
   143 | D:1      | Reached skill level 2 in Axes
   171 | D:1      | 171 ||| Stepping ~*~*~tactically~*~*~ (stealth).
   219 | D:1      | 219 ||| DROPPING +0 club.
   384 | D:1      | Reached XP level 2. HP: 16/19 MP: 2/2
   574 | D:1      | 574 ||| Stepping ~*~*~tactically~*~*~ (stealth).
   727 | D:1      | Found a faded altar of an unknown god.
   998 | D:1      | 998 ||| UPGRADING to +2 pair of boots.
  1003 | D:1      | 1003 ||| UPGRADING to +4 ring of evasion.
  1004 | D:1      | 1004 ||| READING scroll labelled TOAKHU KODYPSY.
  1005 | D:1      | 1005 ||| READING scroll labelled DUBRAA ZIOMEOT.
  1006 | D:1      | 1006 ||| READING scroll labelled XYNA WEICIE.
  1007 | D:1      | 1007 ||| READING scroll labelled PEKHUEB BOCUF.
  1045 | D:2      | Reached skill level 3 in Axes
  1059 | D:2      | Identified the +7 hand axe "Satubafy" {flame, rF++ Stlth+}
  1061 | D:2      | 1061 ||| SWAPPING to +7 hand axe "Satubafy" {flame, rF++
                  | Stlth+}.
  1062 | D:2      | 1062 ||| DROPPING +0 whip.
  1112 | D:2      | Reached XP level 3. HP: 22/23 MP: 3/3
  1804 | D:2      | 1804 ||| Stepping ~*~*~tactically~*~*~ (stealth).
  1819 | D:2      | 1819 ||| Stepping ~*~*~tactically~*~*~ (hiding).
  1820 | D:2      | 1820 ||| Stepping ~*~*~tactically~*~*~ (hiding).
  1843 | D:2      | Reached XP level 4. HP: 28/28 MP: 4/4
  1902 | D:2      | 1902 ||| UPGRADING to ring of ice.
  1903 | D:2      | 1903 ||| READING scroll labelled IDAEBA KYEM.
  1904 | D:2      | 1904 ||| READING 3 scrolls labelled PACEGA FILAA.
  1905 | D:2      | 1905 ||| READING scroll labelled NEKHAT MOANO.
  1906 | D:2      | 1906 ||| READING scroll labelled DIUXEE JEDUNKU.
  1907 | D:2      | 1907 ||| DROPPING 2 scrolls of noise.
  1940 | D:3      | 1940 ||| Stepping ~*~*~tactically~*~*~ (stealth).
  1957 | D:3      | Reached skill level 4 in Axes
  2143 | D:3      | Found a burning altar of Makhleb.
  2150 | D:3      | 2150 ||| Stepping ~*~*~tactically~*~*~ (stealth).
  2260 | D:3      | 2260 ||| Stepping ~*~*~tactically~*~*~ (stealth).
  2261 | D:3      | 2261 ||| Stepping ~*~*~tactically~*~*~ (stealth).
  2264 | D:3      | 2264 ||| Stepping ~*~*~tactically~*~*~ (stealth).
  2265 | D:3      | 2265 ||| Stepping ~*~*~tactically~*~*~ (stealth).
  2275 | D:3      | Found a glowing golden altar of the Shining One.
  2377 | D:3      | Reached XP level 5. HP: 32/32 MP: 5/5
  2383 | D:3      | Found a hazy altar of Hepliaklqana.
  2385 | D:3      | Found a white marble altar of Elyvilon.
  2488 | D:3      | HP: 4/32 [gnoll sergeant/+0 trident (5)]
  2490 | D:3      | Slain by a gnoll

Levels and vault maps discovered:
D:1:      tarquinn_simple_flora_water_f, layout_basic, basic_ecumenical_altar
D:2:      layout_basic, minmay_goblin_outpost
D:3:      lemuel_castle_with_subvaults [lemuel_castle_interior_original],
          layout_basic, mainiacjoe_overflow_concentric_impassable,
          grunt_temple_overflow_open, lemuel_round_altar, minivault_11,
          minmay_misc_feat_room, minmay_crystal_water

Skill      XL: |  1  2  3  4 |
---------------+-------------+-----
Axes           | 2 3 4 |  4.9
Fighting       | |  3.2
Armour         | |  3.2
Shields        | |  3.2

Action                   |  1- 3 |  4- 6 || total
-------------------------+-------+-------++-------
Melee: War axe           |    48 |       ||    48
       Hand axe          |    43 |    57 ||   100
Throw: Boomerang         |     5 |       ||     5
  Use: Scroll            |     4 |     4 ||     8
Armor: Scale mail        |    34 |    32 ||    66
Dodge: Dodged            |    24 |    74 ||    98
Block: Buckler           |     7 |    20 ||    27

Table legend:
 A = Non-vault XP
 B = Vault XP
 C = Vault XP percentage of total XP
 D = Non-vault monster count
 E = Vault monster count
 F = Vault count percentage of total count
                 A         B        C        D         E       F
            +---------+---------+-------+---------+---------+-------
      Total |     133 |     131 |  49.6 |      58 |      21 |  26.6
            +---------+---------+-------+---------+---------+-------
        D:1 |      29 |       0 |   0.0 |      20 |       0 |   0.0
        D:2 |      44 |      14 |  24.1 |      19 |       7 |  26.9
        D:3 |      60 |     117 |  66.1 |      19 |      14 |  42.4
            +---------+---------+-------+---------+---------+-------
